 Dungeon Crawl Stone Soup version 0.31-a0-844-gdc52ec4e09 (webtiles) character file.

Game seed: 3488060757506608442

1 Kurtz the Shield-Bearer (level 1, 0/16 HPs)
             Began as an Octopode Fighter on Oct 1, 2023.
             Slain by a goblin
             ... wielding a +0 club
              (4 damage)
             ... on level 1 of the Dungeon.
             The game lasted 00:00:02 (14 turns).

Kurtz the Shield-Bearer (Octopode Fighter)            Turns: 14, Time: 00:00:03

Health: 0/16       AC:  1    Str: 15    XL:     1   Next: 20%
Magic:  1/1        EV: 13    Int: 10    God:
Gold:   12         SH:  4    Dex: 11    Spells: 0/0 levels left

rFire   . . .        a - +0 war axe
rCold   . . .        b - +0 buckler
rNeg    . . .        (helmet restricted)
rPois   .            (no amulet)
rElec   .            (no ring)
rCorr   .            (no ring)
SInv    .            (no ring)
Will    .....        (no ring)
Stlth   ++           (no ring)
HPRegen 0.22/turn    (no ring)
MPRegen 0.07/turn    (no ring)
                     (no ring)

%: no passive effects
@: no status effects
A: almost no armour, amphibious, 8 rings, camouflage 1, gelatinous body 1,
(nimble swimmer 1), tentacles
a: no special abilities


You were on level 1 of the Dungeon.
You visited 1 branch of the dungeon, and saw 1 of its levels.

You collected 12 gold pieces.

Inventory:

Hand Weapons
 a - a +0 war axe (weapon)
Armour
 b - a +0 buckler (worn)
Potions
 c - a potion of might


   Skills:
 - Level 3.0 Fighting
 * Level 2.1 Axes
 - Level 3.0 Dodging
 - Level 3.0 Shields


You couldn't memorise any spells.
You didn't know any spells.
Your spell library was empty.

Dungeon Overview and Level Annotations

Branches:
Dungeon (1/15)

Altars:


Innate Abilities, Weirdness & Mutations

You cannot wear most types of armour.
You are amphibious.
You can wear up to eight rings at the same time.
Your skin changes colour to match your surroundings (Stealth+).
Your rubbery body absorbs attacks. (AC +1, EV +1)
((You are camouflaged when in or above water. (Stealth+)))
You have tentacles for arms and can constrict up to eight enemies at once.


Message History

The marvelous Orb of Zot lies far below, as if waiting for you to find it.
Press ? for a list of commands and other information.
Found 12 gold pieces.
Found a staircase leading out of the dungeon.
There are no items here.
Unknown command.
You now have 12 gold pieces.
A ball python comes into view.
Found 16 gold pieces.
Found a stone staircase leading down.
A hobgoblin comes into view.
The hobgoblin shouts!
A goblin comes into view. It is wielding a +0 club.
There are monsters nearby!
A goblin comes into view. It is wielding a +0 club.
The goblin shouts!
You hear an angry hiss.
There are monsters nearby!
A ball python comes into view.
There are monsters nearby!
A rat comes into view.
The rat moves out of view.
There are monsters nearby!
You closely miss the hobgoblin.
The ball python hisses angrily.
You grab the hobgoblin.
You constrict the hobgoblin, but do no damage.
The ball python hisses angrily.
The hobgoblin hits you.
A hobgoblin comes into view.
You hit the hobgoblin.
The hobgoblin is severely wounded.
You closely miss the goblin. x2; You constrict the hobgoblin.
You kill the hobgoblin!
The goblin hits you with a +0 club. The goblin completely misses you.
A dart slug comes into view.
There are monsters nearby!
You closely miss the goblin. You grab the goblin. You hit the goblin.
You constrict the goblin. The goblin hits you with a +0 club.
* * * LOW HITPOINT WARNING * * *
The goblin barely misses you. The goblin hits you with a +0 club.
You die...

.... #.......# #. ....
#......^# #.. g...
##.......## ##.## ...
#.........###.... .r#
...............###..#
.................gS.#
................@##.#..
.....<...........g......
..................#S....
........................
................##......
#.........###....##.....
##.......## ##...# .....
#.......# #.........
#.......# #...#.. #.


You could see a hobgoblin, 2 goblins, 2 ball pythons and a rat.

Vanquished Creatures
  A hobgoblin (D:1)
1 creature vanquished.

Notes
Turn   | Place    | Note
-------+----------+-------------------------------------------
     0 | D:1      | Kurtz the Octopode Fighter began the quest for the Orb.
     0 | D:1      | Reached XP level 1. HP: 16/16 MP: 1/1
    14 | D:1      | Slain by a goblin

Illustrated notes

Levels and vault maps discovered:
D:1:      minmay_arrival_four_circles, layout_rooms,
          hellmonk_ecumenical_altar_blasted

Action                     || total
---------------------------++-------
  Melee: War axe           ||     3
         Constrict         ||     2
 Armour: Skin              ||     4
  Dodge: Dodged            ||     2

Table legend: (Time is in decaauts)
 A = Elapsed time spent in this place.
 B = Non-inter-level travel time spent in this place.
 C = Inter-level travel time spent in this place.
 D = Time resting spent in this place.
 E = Time spent auto-exploring this place.
 F = Levels seen in this place.
 G = Mean time per level.
                   A        B        C        D        E       F      G
               +--------+--------+--------+--------+--------+-----+--------+
         Total |     14 |     14 |      0 |      0 |      7 |   1 |   14.0 |
       Dungeon |     14 |     14 |      0 |      0 |      7 |   1 |   14.0 |
               +--------+--------+--------+--------+--------+-----+--------+

Top non-repeatable levels by time:
     D:1: 14 daAuts
